 Dungeon Crawl Stone Soup version 0.28-a0-1182-g381e24db82 (webtiles) character file.

Game seed: 1832803114331992009

84 ChaosChampion the Insei (level 4, 0/28 HPs)
             Began as an Octopode Transmuter on Dec 17, 2021.
             Slain by a hobgoblin (4 damage)
             ... on level 2 of the Dungeon.
             The game lasted 00:02:10 (2809 turns).

ChaosChampion the Insei (Octopode Transmuter)       Turns: 2809, Time: 00:02:10

Health: 0/28       AC:  1    Str:  9    XL:     4   Next: 45%
Magic:  2/7        EV: 13    Int: 17    God:
Gold:   111        SH:  0    Dex: 12    Spells: 1/7 levels left

rFire   . . .      SeeInvis .     - Unarmed
rCold   . . .      Faith    .   (no shield)
rNeg    . . .      Spirit   .   (helmet restricted)
rPois   .          Reflect  .   (no amulet)
rElec   .          Harm     .   (no ring)
rCorr   .          Rampage  .   (no ring)
Will    .....                   (no ring)
Stlth   ++........              (no ring)
HPRegen 0.09/turn               (no ring)
MPRegen 0.10/turn               (no ring)
                                (no ring)
                                (no ring)

@: no status effects
A: almost no armour, amphibious, 8 rings, camouflage 1, gelatinous body 1,
(nimble swimmer 1), tentacles
a: no special abilities


You were on level 2 of the Dungeon.
You visited 1 branch of the dungeon, and saw 3 of its levels.

You collected 111 gold pieces.

Inventory:

Jewellery
 k - an amulet of the acrobat
Wands
 i - a wand of flame (18)
Scrolls
 a - a scroll of immolation {unknown}
 c - 2 scrolls of identify {unknown}
 e - a scroll of holy word {unknown}
 j - a scroll of noise {unknown}
Potions
 b - a potion of heal wounds {unknown}
 d - a potion of might {unknown}
 f - 2 potions of lignification {unknown}
 g - a potion of attraction {unknown}
 h - 2 potions of brilliance {unknown}
 l - a potion of flight {unknown}


   Skills:
 - Level 1.0 Fighting
 - Level 2.0 Dodging
 + Level 4.1 Unarmed Combat
 * Level 2.3 Spellcasting
 + Level 2.8 Transmutations
 * Level 1.4 Poison Magic


You had one spell level left.
You knew the following spells:

 Your Spells              Type           Power      Damage    Failure   Level
a - Beastly Appendage     Tmut           22%        N/A       6%          1
b - Wereblood             Tmut           11%        N/A       9%          2
c - Spider Form           Tmut/Pois      9%         N/A       22%         3

Your spell library contained the following spells:

 Spells                   Type           Power      Damage    Failure   Level
 Ice Form                 Ice/Tmut       6%         N/A       71%         4


Dungeon Overview and Level Annotations

Branches:
Dungeon (3/15)

Altars:


Innate Abilities, Weirdness & Mutations

You cannot wear most types of armour.
You are amphibious.
You can wear up to eight rings at the same time.
Your skin changes colour to match your surroundings (Stealth+).
Your rubbery body absorbs attacks. (AC +1, EV +1)
((You are camouflaged near water. (Stealth+)))
You have tentacles for arms and can constrict up to eight enemies at once.


Message History

Terence is heavily wounded.
Terence hits you with a +0 short sword.
You bite Terence!
Terence looks as sick as possible!
Terence is severely wounded.
You hit Terence but do no damage.
Terence is almost dead.
You kill Terence!
An orc comes into view. It is wielding a +0 short sword.
The quokka closely misses you.
Your Poison Magic skill increases to level 1!
You have reached level 4!
You closely miss the quokka.
The orc shouts!
The quokka closely misses you.
Your magical contamination has completely faded away.
You hit the quokka.
The quokka is poisoned.
The quokka is moderately wounded.
An orc priest comes into view. It is wielding a +1 dagger of draining.
The quokka completely misses you.
You hit the quokka.
You kill the quokka!
Your transformation has ended.
The hobgoblin barely misses you.
The orc priest invokes the aid of Beogh against you.
Beogh smites you!
Ouch! That really hurt!
* * * LOW HITPOINT WARNING * * *
You hear a shout!
Items here: ! ) [ †.
The orc priest looks braver for a moment.
A scorpion comes into view.
There is a stone staircase leading up here.
The hobgoblin hits you.
* * * LOW HITPOINT WARNING * * *
You climb upwards.
There is a stone staircase leading down here.
You are too injured to fight recklessly!
You closely miss the hobgoblin. You grab the hobgoblin.
You constrict the hobgoblin. The hobgoblin hits you.
You die...

#.# #.# #.# #.# #)# #.# #.#
#.# #.# #.# #.# #.###
#.######### #.#.#
#####.........########.#.##
...............g@.........#
.############.########.#.##
.# #.............#.# .##
#.##.##########.# ..#
#.#.............# ..#
#.#....########### ..#
#.#.#............# ..#
#.#.........##.### ..#
#.#.........##.#


You could see a hobgoblin.

Vanquished Creatures
  Terence (D:3)
  2 adders (D:2)
  2 worms (D:2)
  A dart slug (D:2)
  3 endoplasms
  2 goblins (D:2)
  3 hobgoblins
  7 quokkas
  4 bats (D:1)
  A frilled lizard (D:1)
  3 kobolds (D:1)
  A rat (D:2)
30 creatures vanquished.

Notes
Turn   | Place    | Note
-------+----------+-------------------------------------------
     0 | D:1      | ChaosChampion the Octopode Transmuter began the quest for
                  | the Orb.
     0 | D:1      | Reached XP level 1. HP: 13/13 MP: 3/3
   389 | D:1      | Reached XP level 2. HP: 18/18 MP: 3/5
   392 | D:1      | Learned a level 2 spell: Wereblood
  1177 | D:2      | Reached XP level 3. HP: 8/23 MP: 4/6
  1515 | D:2      | Learned a level 3 spell: Spider Form
  1525 | D:2      | Reached skill level 4 in Unarmed Combat
  2792 | D:3      | Noticed Terence
  2800 | D:3      | Killed Terence
  2801 | D:3      | Reached skill level 1 in Poison Magic
  2801 | D:3      | Reached XP level 4. HP: 22/28 MP: 1/7
  2805 | D:3      | Noticed a scorpion
  2809 | D:2      | Slain by a hobgoblin

Illustrated notes

Levels and vault maps discovered:
D:1:      dpeg_arrival_boxorama, layout_basic
D:2:      layout_basic
D:3:      layout_loops_ring, hellmonk_ecumenical_altar_arch_garden,
          uniq_terence, uniq_grinder, uniq_robin

Skill      XL: |  1  2  3 |
---------------+----------+-----
Unarmed Combat | 4 |  4.1
Poison Magic   | 1 |  1.4
Fighting       | |  1.0
Dodging        | |  2.0
Spellcasting   | |  2.3
Transmutations | |  2.8

Action                   |  1- 3 |  4- 6 || total
-------------------------+-------+-------++-------
Melee: Unarmed           |    76 |     4 ||    80
       Constrict         |    16 |     1 ||    17
       Tentacles         |    12 |       ||    12
       Kick              |    17 |       ||    17
       Punch             |     1 |       ||     1
 Cast: Beastly Appendage |    19 |       ||    19
       Wereblood         |     4 |       ||     4
       Spider Form       |     4 |       ||     4
 Stab: Sleeping          |     2 |       ||     2
Armor: Skin              |     2 |       ||     2
Dodge: Dodged            |    42 |     3 ||    45

Table legend: (Time is in decaauts)
 A = Elapsed time spent in this place.
 B = Non-inter-level travel time spent in this place.
 C = Inter-level travel time spent in this place.
 D = Time resting spent in this place.
 E = Time spent auto-exploring this place.
 F = Levels seen in this place.
 G = Mean time per level.
                   A        B        C        D        E       F      G
               +--------+--------+--------+--------+--------+-----+--------+
         Total |   2803 |   2715 |     88 |    126 |   2324 |   3 |  934.3 |
       Dungeon |   2803 |   2715 |     88 |    126 |   2324 |   3 |  934.3 |
               +--------+--------+--------+--------+--------+-----+--------+

Top non-repeatable levels by time:
     D:2: 1708 daAuts
     D:1: 1080 daAuts
     D:3: 15 daAuts
